 Dungeon Crawl Stone Soup version 0.24.0-13-gcf9b319 (webtiles) character file.

Game seed: 7943215836744359506, levelgen mode: deterministic

32 bonegar the Skirmisher (level 3, -1/30 HPs)
             Began as a Demonspawn Abyssal Knight on Nov 10, 2019.
             Slain by a small abomination (12 damage)
             ... created by the touch of Lugonu
             ... on level 2 of the Dungeon.
             The game lasted 00:08:15 (933 turns).

bonegar the Skirmisher (Demonspawn Abyssal Knight)   Turns: 933, Time: 00:08:16

Health: -1/30      AC:  6    Str: 12    XL:     3   Next: 10%
Magic:  4/4        EV:  9    Int: 14    God:
Gold:   54         SH:  3    Dex: 12    Spells: 2/2 levels left

rFire    . . .     SeeInvis .   a - +1 hand axe
rCold    . . .     Gourm    .   j - +0 buckler
rNeg     . . .     Faith    .   d - +0 ring mail
rPois    .         Spirit   .   (helmet restricted)
rElec    .         Reflect  .   (no cloak)
rCorr    .         Harm     .   e - +0 pair of gloves
MR       .....                  (no boots)
Stlth    +.........             (no amulet)
HPRegen  0.10/turn              g - ring of wizardry
MPRegen  0.09/turn              (no ring)

@: about to teleport
A: horns 1, powered by death 1, evolution 1
a: no special abilities


You were on level 2 of the Dungeon.
You were not hungry.

You visited 1 branch of the dungeon, and saw 2 of its levels.
You visited the Abyss 1 time.

You collected 54 gold pieces.

Inventory:

Hand Weapons
 a - a +1 hand axe (weapon)
 h - a +0 short sword
Armour
 b - a +0 leather armour
 d - a +0 ring mail (worn)
 e - a +0 pair of gloves (worn)
 j - a +0 buckler (worn)
Jewellery
 g - a ring of wizardry (left hand)
Comestibles
 c - 5 rations
 i - 5 chunks of flesh


   Skills:
 + Level 3.8 Fighting
 + Level 2.1 Axes
 + Level 2.0 Armour
 + Level 1.1 Dodging
   Level 2.4 Invocations


You had 2 spell levels left.
You didn't know any spells.
Your spell library was empty.

Dungeon Overview and Level Annotations

Branches:
Dungeon (2/15)

Altars:


Innate Abilities, Weirdness & Mutations

You regenerate a little health from kills.
You have a pair of small horns on your head.
You evolve.


Message History

There is an escape hatch in the floor here.
There is an escape hatch in the floor here.
You see here 26 bolts.
Things that are here:
a +0 dagger; 3 stones; a kobold corpse
f - a scroll labeled KUETOR QUET
Things that are here:
a cursed -3 club; a hobgoblin corpse Lugonu's wrath finds you!
Space warps around you!
Your surroundings suddenly seem different.
Lugonu sends minions to punish you.
A small abomination comes into view.
The small abomination hits you!
The small abomination barely misses you.
The small abomination hits you.
As you read the scroll labeled KUETOR QUET, it crumbles to dust.
You feel strangely unstable.
It was a scroll of teleportation.
The small abomination hits you. The small abomination hits you!
You die...

#.......(.##.....#
######.##.##.....#
#...........#
####.##.....#
#.####.### #.#
##.## #.# #...###
#.###.....####.
#@#............
#x#.###...#
#....))...#
###.#.....#
#.##....# #
#.##..#.# #.
#.....#(# ^.
#.....†.# ##.##
###..)###


You could see a small abomination.

Vanquished Creatures
  An adder (D:2)
  An ooze (D:1)
  A ball python (D:2)
  2 giant cockroaches (D:1)
  4 goblins
  3 hobgoblins
  A bat (D:1)
  2 frilled lizards (D:1)
  2 kobolds
  A rat (D:2)
18 creatures vanquished.

Notes
Turn   | Place    | Note
-------+----------+-------------------------------------------
     0 | Abyss:1  | bonegar the Demonspawn Abyssal Knight began the quest for
                  | the Orb.
     0 | Abyss:1  | Reached XP level 1. HP: 18/18 MP: 2/2
     0 | Abyss:1  | Fell from the grace of Lugonu
    58 | D:1      | Escaped the Abyss
    62 | D:1      | Noticed an electric eel
    63 | D:1      | Noticed an electric eel
   203 | D:1      | Gained mutation: You regenerate a little health from kills.
                  | [demonic ancestry]
   203 | D:1      | Reached XP level 2. HP: 17/24 MP: 3/3
   315 | D:1      | Noticed a small abomination
   317 | D:1      | Gained mutation: You evolve. [potion of mutation]
   317 | D:1      | Gained mutation: You have a pair of small horns on your
                  | head. [potion of mutation]
   607 | D:1      | Reached skill level 1 in Dodging
   840 | D:2      | Reached XP level 3. HP: 30/30 MP: 4/4
   913 | D:2      | Noticed a small abomination
   933 | D:2      | Slain by a small abomination

Levels and vault maps discovered:
D:1:      arrival_aquarium_b, layout_basic
D:2:      layout_loops_cross

Skill      XL: |  1  2 |
---------------+-------+-----
Dodging        | 1 |  1.1
Axes           | 2 |  2.1
Armour         | 2 |  2.0
Fighting       | |  3.8
Invocations    | |  2.4

Action                   || total
-------------------------++-------
Melee: Hand axe          ||    63
       Headbutt          ||     8
Invok: Renounce Religion ||     1
  Use: Scroll            ||     3
       Potion            ||     2
Armor: Ring mail         ||    29
       Leather armour    ||     1
Dodge: Dodged            ||    46
Block: Buckler           ||     2
